 Dungeon Crawl Stone Soup version 0.22.0-5-gf09313c8f9 (webtiles) character file.

211 Minion the Poker (level 5, -4/47 HPs)
             Began as a Hill Orc Monk on Aug 13, 2018.
             Was a Believer of Beogh.
             Slain by Menkaure (16 damage)
             ... on level 4 of the Dungeon.
             The game lasted 00:08:41 (4073 turns).

Minion the Poker (Hill Orc Monk)                    Turns: 4073, Time: 00:08:41

Health: -4/47      AC:  7    Str: 14    XL:     5   Next: 88%
Magic:  2/5        EV:  9    Int: 10    God:    Beogh [**....]
Gold:   234        SH:  3    Dex: 14    Spells: 4/4 levels left

rFire    . . .     SeeInvis .   a - +0 spear
rCold    . . .     Gourm    .   i - +0 buckler
rNeg     . . .     Faith    .   m - +0 scale mail
rPois    .         Spirit   .   (no helmet)
rElec    .         Reflect  .   s - +0 cloak
rCorr    .         Harm     .   (no gloves)
MR       .....                  (no boots)
Stlth    +.........             (no amulet)
HPRegen  0.15/turn              (no ring)
MPRegen  0.09/turn              (no ring)

@: no status effects
A: no striking features
a: Smiting, Renounce Religion


You were on level 4 of the Dungeon.
You worshipped Beogh.
Beogh was pleased with you.
You were not hungry.

You visited 1 branch of the dungeon, and saw 4 of its levels.

You collected 234 gold pieces.

Inventory:

Hand Weapons
 a - a +0 spear (weapon)
Armour
 i - a +0 buckler (worn)
 m - a +0 scale mail (worn)
 s - a +0 cloak (worn)
Scrolls
 b - 2 scrolls of remove curse
 f - a scroll of magic mapping {unknown}
 j - 5 scrolls of amnesia {unknown}
 k - 5 scrolls of identify {unknown}
 n - 2 scrolls of teleportation {unknown}
 o - a scroll of immolation {unknown}
 q - a scroll of fear {unknown}
 r - a scroll of noise {unknown}
Potions
 d - 2 potions of lignification
 e - 2 potions of heal wounds {unknown}
 g - a potion of haste {unknown}
 h - a potion of resistance {unknown}
 p - a potion of curing {unknown}
Comestibles
 c - 6 rations
 l - 2 chunks of flesh


   Skills:
 + Level 4.5 Fighting
 * Level 4.8 Polearms
 + Level 2.0 Armour
 + Level 3.0 Dodging
 - Level 2.2 Stealth
 + Level 0.3 Shields
 + Level 1.3 Invocations


You had 4 spell levels left.
You didn't know any spells.
Your spell library was empty.

Dungeon Overview and Level Annotations

Branches:
Dungeon (4/15)
 Temple: D:4-7

Altars:

Annotations:
D:4 Menkaure


Message History

Aiming: Smiting
Press: ? - help, Dir - move target cursor, f - Menkaure Smite: Menkaure (moderately damaged)
You smite Menkaure!
Menkaure is severely damaged.
Menkaure casts a spell.
Menkaure seems to speed up.
Okay, then.
You hit Menkaure.
Menkaure is severely damaged.
Menkaure calls on the powers of darkness!
Your body is wracked with pain!
* * * LOW HITPOINT WARNING * * *
You hit Menkaure.
Menkaure is almost destroyed.
You block Menkaure's attack.
You closely miss Menkaure.
Menkaure is almost destroyed.
Menkaure hits you!
You die...

##### ##... ...
#M# ######@#
#......# #.#
#.###### #.# #.#
#.# #.# #.# #.# .
#.# #.##### .
##.######.#...#
.##.........#...#


You could see Menkaure.

Vanquished Creatures
  A hound (D:4)
  Jessica (D:3)
  7 adders
  2 worms (D:1)
  A dart slug (D:1)
  2 leopard geckos (D:3)
  2 orcs (D:3)
  7 giant cockroaches
  5 goblins
  18 hobgoblins
  3 jackals
  2 quokkas
  8 bats
  4 frilled lizards
  4 kobolds
  8 rats
  A butterfly (D:2)
76 creatures vanquished.

Notes
Turn   | Place    | Note
-------+----------+-------------------------------------------
     0 | D:1      | Minion the Hill Orc Monk began the quest for the Orb.
     0 | D:1      | Reached XP level 1. HP: 19/19 MP: 1/1
   126 | D:1      | Reached XP level 2. HP: 27/27 MP: 2/2
  1060 | D:1      | Reached XP level 3. HP: 29/33 MP: 3/3
  1119 | D:1      | Reached skill level 1 in Armour
  1674 | D:2      | Reached XP level 4. HP: 34/40 MP: 4/4
  2578 | D:3      | Became a worshipper of Beogh the Brigand
  2578 | D:3      | Reached * piety under Beogh
  2578 | D:3      | Reached ** piety under Beogh
  2696 | D:3      | Reached XP level 5. HP: 30/46 MP: 5/5
  3095 | D:3      | Noticed Jessica
  3113 | D:3      | Killed Jessica
  3359 | D:3      | Reached skill level 1 in Invocations
  3368 | D:3      | Found a faded altar of an unknown god.
  4065 | D:4      | Noticed Menkaure
  4073 | D:4      | Slain by Menkaure

Skill      XL: |  1  2  3  4  5 |
---------------+----------------+-----
Armour         | 1 2 |  2.0
Fighting       | 4 |  4.5
Polearms       | 4 |  4.8
Stealth        | 2 |  2.2
Dodging        | 3 |  3.0
Invocations    | 1 |  1.3
Shields        | |  0.3

Action                   |  1- 3 |  4- 6 || total
-------------------------+-------+-------++-------
Melee: Spear             |   171 |   205 ||   376
Invok: Convert to Beogh  |       |     1 ||     1
       Smiting           |       |     1 ||     1
  Use: Potion            |       |     1 ||     1
       Scroll            |       |     1 ||     1
 Stab: Distracted        |     2 |       ||     2
       Sleeping          |     3 |     5 ||     8
  Eat: Chunk             |     2 |     8 ||    10
Armor: Robe              |    14 |       ||    14
       Ring mail         |    32 |    32 ||    64
       Skin              |       |    16 ||    16
       Scale mail        |       |    11 ||    11
Dodge: Dodged            |   109 |    86 ||   195
Block: Buckler           |       |     5 ||     5
